 Dungeon Crawl Stone Soup version 0.27-a0-1448-g9c78c815f3 (webtiles) character file.

Game seed: 2429243776544610216

35907 AarnesTheHuman the Blocker (level 13, -2/104 HPs)
             Began as a Demonspawn Abyssal Knight on July 5, 2021.
             Was a Priest of Lugonu.
             Succumbed to a swamp dragon's poison gas
             ... on level 3 of the Lair of Beasts.
             The game lasted 01:35:04 (33084 turns).

AarnesTheHuman the Blocker (DsAK)                  Turns: 33084, Time: 01:35:05

Health: -2/104     AC: 14    Str: 17    XL:     13   Next: 50%
Magic:  19/20      EV:  9    Int: 13    God:    Lugonu [***...]
Gold:   639        SH: 14    Dex: 14    Spells: 12/12 levels left

rFire    . . .     SeeInvis .     - Unarmed
rCold    + . .     Faith    +   w - +2 kite shield
rNeg     . . .     Spirit   .   p - +0 plate armour
rPois    .         Reflect  .   (helmet restricted)
rElec    .         Harm     .   r - scarf {+Inv}
rCorr    .         Rampage  .   (no gloves)
Will     .....                  (boots unavailable)
Stlth    ..........             M - amulet of faith
HPRegen  0.27/turn              K - +4 ring of evasion
MPRegen  0.17/turn              P - ring of protection from cold

@: lethally poisoned (-2 -> -20)
A: claws 2, hooves 3, horns 2, foul stench 2
a: Renounce Religion, Evoke Invisibility, Depart the Abyss, Bend Space, Banish


You were on level 3 of the Lair of Beasts.
You worshipped Lugonu.
Lugonu was most pleased with you.
You visited 2 branches of the dungeon, and saw 16 of its levels.
You visited the Abyss 1 time.

You collected 699 gold pieces.
You spent 60 gold pieces at shops.

Inventory:

Hand Weapons
 a - a +0 hand crossbow
 j - a +8 dagger of speed
 F - a +1 falchion
Missiles
 l - 30 poisoned darts (quivered)
 x - 4 boomerangs of dispersal
 y - 2 throwing nets
 B - 21 bolts
Armour
 p - a +0 plate armour (worn)
 r - a scarf of invisibility (worn)
 w - a +2 kite shield (worn)
Jewellery
 d - a ring of fire
 m - a ring of resist corrosion
 t - an amulet of guardian spirit
 u - a ring of positive energy
 z - a ring of ice
 G - an amulet of reflection
 K - a +4 ring of evasion (left claw)
 M - an amulet of faith (around neck)
 P - a ring of protection from cold (right claw)
Wands
 k - a wand of flame (22)
 C - a wand of iceblast (15)
 I - a wand of paralysis (13)
 T - a wand of polymorph (8)
Scrolls
 b - 11 scrolls of teleportation
 h - 2 scrolls of noise
 s - a scroll of amnesia
 D - a scroll of magic mapping
 E - 2 scrolls of immolation
 H - a scroll of identify
 J - a scroll of fear
 Q - a scroll of enchant armour
Potions
 c - a potion of mutation
 e - a potion of cancellation
 f - 3 potions of haste
 g - 2 potions of might
 i - 4 potions of brilliance
 o - 4 potions of lignification
 q - 4 potions of flight
 v - a potion of magic
 A - 3 potions of ambrosia
 O - 4 potions of attraction
 S - a potion of berserk rage
Miscellaneous
 N - a condenser vane


   Skills:
 + Level 10.6 Fighting
 - Level 1.7(2.2) Short Blades
 - Level 1.7(2.1) Long Blades
 + Level 9.6 Armour
 - Level 0.8 Dodging
 - Level 1.0 Stealth
 * Level 12.1 Shields
 * Level 9.7 Unarmed Combat
 + Level 10.0 Invocations


You had 12 spell levels left.
You didn't know any spells.
Your spell library contained the following spells:

 Spells                   Type           Power      Damage    Failure   Level
 Beastly Appendage        Tmut           0%         N/A       100%        1
 Corona                   Hex            0%         N/A       100%        1
 Foxfire                  Conj/Fire      0%         2x1d4     100%        1
 Pain                     Necr           0%         1d4       100%        1
 Ensorcelled Hibernation  Hex/Ice        0%         N/A       100%        2
 Wereblood                Tmut           0%         N/A       100%        2
 Call Canine Familiar     Summ           0%         N/A       100%        3
 Conjure Flame            Conj/Fire      0%         6-21      100%        3
 Dazzling Flash           Conj/Hex       0%         N/A       100%        3
 Frozen Ramparts          Ice            0%         1d2       100%        3
 Inner Flame              Hex/Fire       0%         N/A       100%        3
 Portal Projectile        Hex/Tloc       0%         N/A       100%        3
 Spider Form              Tmut/Pois      0%         N/A       100%        3
 Tukima's Dance           Hex            0%         N/A       100%        3
 Ice Form                 Ice/Tmut       0%         N/A       100%        4
 Iskenderun's Mystic Bla  Conj/Tloc      0%         2d3       100%        4
 Leda's Liquefaction      Hex/Erth       0%         N/A       100%        4
 Passage of Golubria      Tloc           N/A        N/A       100%        4
 Summon Ice Beast         Ice/Summ       0%         N/A       100%        4
 Agony                    Necr           0%         N/A       100%        5
 Excruciating Wounds      Necr           0%         N/A       100%        5
 Yara's Violent Unravell  Hex/Tmut       0%         3d3       100%        5
 Starburst                Conj/Fire      0%         8x6d3     100%        6


Dungeon Overview and Level Annotations

Branches:
Dungeon (11/15)            Temple (0/1) D:4            Lair (5/6) D:8
  Swamp (0/4) Lair:4       Spider (0/4) Lair:3          Orc (0/2) D:10
  Slime: Lair:5-6

Altars:
Hepliaklqana

Shops:
D:4 [   D:11 ?

Portals:
Trove: D:11 (give 13 scrolls of teleportation)

Annotations:
D:7 1 runed translucent door
Abyss:1 Erolcha, Gastronok, Snorg, Urug


Innate Abilities, Weirdness & Mutations

You have very sharp fingernails.
You have hooves in place of feet.
You have a pair of horns on your head.
You sometimes emit foul miasma when damaged in melee.


Message History

The swamp dragon is severely wounded.
You are engulfed in poison gas.
You are more poisoned.
You feel extremely sick.
The swamp dragon bites you but does no damage.
The swamp dragon claws you but does no damage.
The swamp dragon tramples you.
You stumble backwards!
Your plate armour prevents you from hitting the swamp dragon.
You kick the swamp dragon.
The swamp dragon is severely wounded.
* * * LOW HITPOINT WARNING * * *
You feel extremely sick.
The swamp dragon breathes poison at you.
The blast of poison engulfs you.
You are more poisoned.
* * * LOW HITPOINT WARNING * * *
You feel better.
You are engulfed in poison gas.
You are poisoned.
* * * LOW HITPOINT WARNING * * *
You feel very sick. You block the swamp dragon's attack.
The swamp dragon claws you but does no damage.
The swamp dragon tramples you.
* * * LOW HITPOINT WARNING * * *
You stumble backwards!
Space bends around you!
You blink.
You feel sick.
You feel sick.
You feel sick.
The swamp dragon breathes poison at you.
The blast of poison engulfs you!
You are lethally poisoned!
* * * LOW HITPOINT WARNING * * *
You feel better.
You are engulfed in poison gas.
You are lethally poisoned!
* * * LOW HITPOINT WARNING * * *
x2 You feel very sick.
You feel better.
You are engulfed in poison gas.
You are lethally poisoned!
* * * LOW HITPOINT WARNING * * *
You die...

.......................###..#PP..
........................#####PP..
.#......####..##........○# ##...
.....#..## ######.......## #...
.......#.# #.......## ####...
.....#..## #P..D.>.# ##.#....
........# ##.☼....###P..P..#
........##### ###○...............
.....#..P##.###§@○°.............#
.#.............☼☼○§###..P##......
.#..............☼○○# ##.###......
.....+............P# ### #......
.#.#.#...##P.P.##..# #..##.#
.........#........## ##..###.
.........#......#..# #P..###♣
.........#......#.## ##..##P♣
.........#..##..#..# #...# #.


You could see a swamp dragon.

Vanquished Creatures
  A boulder beetle (D:11)
  2 hydras
  Erica (D:9)
  3 death yaks (Lair:1)
  4 two-headed ogres
  Pikel (D:7)
  An ugly thing (D:10)
  A cyclops (D:8)
  2 black mambas
  Maurice (D:9)
  Joseph (Lair:1)
  Psyche (D:9)
  6 cane toads
  A rime drake (Lair:2)
  An efreet (D:8)
  2 kobold demonologists (D:5)
  6 komodo dragons
  A troll (D:10)
  A hornet (D:9)
  A polar bear (Lair:2)
  Prince Ribbit (D:5)
  8 blink frogs
  2 shadows (D:6)
  43 yaks
  A wyvern (D:7)
  A steam dragon (D:7)
  Edmund (D:6)
  2 acid dragons
  5 water moccasins
  3 ice beasts
  6 orc warriors
  4 sky beasts
  2 black bears
  2 necrophages (D:8)
  3 centaurs
  2 lemures (D:7)
  3 phantoms
  A kobold brigand (D:5)
  10 bullfrogs
  2 gnoll sergeants
  A scorpion (D:5)
  A wyvern skeleton (D:7)
  3 killer bees (D:8)
  2 electric eels (D:10)
  5 wights
  A howler monkey (D:11)
  A bullfrog zombie (D:5)
  9 hounds
  3 jellies
  9 orc priests
  2 gnoll shamans
  2 bullfrog skeletons (D:5)
  8 iguanas
  11 orc wizards
  A killer bee zombie (D:8)
  2 howler monkey zombies (D:9)
  A mummy (D:7)
  16 gnolls
  11 adders
  A white imp (D:6)
  An ufetubus (D:5)
  4 worms
  3 dart slugs
  46 orcs
  6 endoplasms
  4 giant cockroaches
  8 goblins
  6 hobgoblins
  2 jackals (D:1)
  2 quokkas (D:4)
  9 ball pythons
  2 bats (D:1)
  3 frilled lizards
  A hobgoblin zombie (D:7)
  7 kobolds
  A kobold zombie (D:7)
  2 orc zombies (D:7)
  5 rats
342 creatures vanquished.

Vanquished Creatures (others)
  A bush (Lair:3)
  11 fungi
  64 plants
  4 toadstools (D:1)
80 creatures vanquished.

Grand Total: 422 creatures vanquished

Notes
Turn   | Place    | Note
-------+----------+-------------------------------------------
     0 | Abyss:1  | AarnesTheHuman the Demonspawn Abyssal Knight began the
                  | quest for the Orb.
     0 | Abyss:1  | Reached XP level 1. HP: 18/18 MP: 2/2
     3 | D:1      | Escaped the Abyss
   186 | D:1      | Gained mutation: You have a pair of small horns on your
                  | head. [demonic ancestry]
   186 | D:1      | Reached XP level 2. HP: 20/24 MP: 3/3
   514 | D:1      | Reached ** piety under Lugonu
   870 | D:2      | Gained mutation: You may rarely emit foul miasma when
                  | damaged in melee. [demonic ancestry]
   870 | D:2      | Reached XP level 3. HP: 30/30 MP: 4/4
  1807 | D:3      | Found a hazy altar of Hepliaklqana.
  1831 | D:2      | Reached XP level 4. HP: 32/37 MP: 5/5
  2043 | D:3      | Reached skill level 1 in Short Blades
  2231 | D:3      | Reached XP level 5. HP: 35/42 MP: 6/6
  2416 | D:3      | Found a faded altar of an unknown god.
  2715 | D:3      | Reached *** piety under Lugonu
  2716 | D:3      | Reached skill level 1 in Stealth
  3070 | D:4      | Noticed a black bear
  3096 | D:3      | Killed a black bear
  3097 | D:3      | Gained mutation: You have large cloven feet. [demonic
                  | ancestry]
  3097 | D:3      | Reached XP level 6. HP: 21/49 MP: 8/8
  3493 | D:4      | Found a staircase to the Ecumenical Temple.
  3950 | D:4      | Found Xyribruh's Antique Armour Shop.
  4099 | D:4      | Reached skill level 5 in Fighting
  4099 | D:4      | Reached skill level 1 in Shields
  4612 | D:5      | Entered Level 5 of the Dungeon
  5074 | D:5      | Noticed a kobold demonologist
  5149 | D:5      | Noticed a sky beast
  5162 | D:5      | Killed a sky beast
  5163 | D:5      | Reached skill level 2 in Shields
  5163 | D:5      | Gained mutation: You have hoof-like feet. [demonic
                  | ancestry]
  5163 | D:5      | Reached XP level 7. HP: 27/56 MP: 5/10
  5931 | D:5      | Noticed an orange demon
  5976 | D:5      | Noticed an ice devil
  5984 | D:5      | Killed a kobold demonologist
  5985 | D:5      | Reached skill level 3 in Shields
  5985 | D:5      | Reached skill level 5 in Invocations
  5990 | D:5      | Noticed a kobold demonologist
  6277 | D:5      | Noticed Prince Ribbit
  6290 | D:5      | Killed Prince Ribbit
  6291 | D:5      | Reached XP level 8. HP: 42/64 MP: 6/12
  6361 | D:5      | Reached skill level 4 in Shields
  6658 | D:5      | Reached **** piety under Lugonu
  6659 | D:5      | Reached skill level 5 in Armour
  6984 | D:5      | Killed a kobold demonologist
  7186 | D:5      | Reached skill level 5 in Shields
  8689 | D:6      | Gained mutation: You have sharp fingernails. [demonic
                  | ancestry]
  8689 | D:6      | Reached XP level 9. HP: 67/71 MP: 12/14
  8965 | D:6      | Noticed a cyclops
  8969 | D:6      | Banished a cyclops
  8970 | D:6      | Reached skill level 6 in Shields
  9306 | D:6      | Noticed Edmund
  9346 | D:6      | Killed Edmund
 10077 | D:6      | Reached skill level 7 in Shields
 11310 | D:7      | Gained mutation: You have very sharp fingernails. [demonic
                  | ancestry]
 11310 | D:7      | Reached XP level 10. HP: 43/80 MP: 8/16
 11636 | D:7      | Found a runed translucent door.
 11643 | D:7      | Noticed a sixfirhy
 11857 | D:7      | Reached skill level 1 in Unarmed Combat
 12498 | D:7      | Noticed Pikel
 12510 | D:7      | Killed Pikel
 12511 | D:7      | Reached skill level 8 in Shields
 13402 | D:8      | Found a staircase to the Lair.
 13444 | D:8      | Noticed a white ugly thing
 13456 | D:8      | HP: 4/80 [white ugly thing (31)]
 13460 | D:8      | Banished a white ugly thing
 14396 | D:8      | Noticed a cyclops
 14723 | D:8      | Killed a cyclops
 15346 | D:8      | Noticed a tengu warrior
 15356 | D:8      | Banished a tengu warrior
 15357 | D:8      | Gained mutation: You have a pair of horns on your head.
                  | [demonic ancestry]
 15357 | D:8      | Reached XP level 11. HP: 61/87 MP: 12/17
 16037 | D:9      | Noticed a two-headed ogre
 16076 | D:8      | Killed a two-headed ogre
 16077 | D:8      | Reached skill level 9 in Shields
 16236 | D:9      | Noticed Maurice
 17097 | D:8      | Noticed a two-headed ogre
 17333 | D:8      | Killed a two-headed ogre
 17753 | D:9      | Noticed Psyche
 17779 | D:9      | Paralysed by something for 5 turns
 17974 | D:9      | Killed Psyche
 18131 | D:9      | Reached skill level 5 in Unarmed Combat
 18254 | D:9      | Noticed Erolcha
 18255 | D:9      | Banished Erolcha
 18819 | D:9      | Paralysed by something for 7 turns
 18830 | D:9      | Killed Maurice
 19524 | D:10     | Entered Level 10 of the Dungeon
 19556 | D:10     | Noticed Erica
 19558 | D:10     | Noticed Snorg
 19596 | D:9      | Killed Erica
 19823 | D:10     | Banished Snorg
 19824 | D:10     | Reached skill level 10 in Invocations
 19987 | D:10     | Noticed Urug
 20005 | D:10     | Banished Urug
 21676 | D:10     | Noticed a two-headed ogre
 21711 | D:9      | Killed a two-headed ogre
 21712 | D:9      | Reached skill level 10 in Shields
 22697 | D:10     | Found a staircase to the Orcish Mines.
 22776 | D:11     | Noticed a two-headed ogre
 22779 | D:11     | Noticed a green ugly thing
 22794 | D:10     | Killed a two-headed ogre
 22795 | D:10     | Gained mutation: You have hooves in place of feet. [demonic
                  | ancestry]
 22795 | D:10     | Reached XP level 12. HP: 37/95 MP: 19/19
 23359 | D:11     | Found Roicw's Magic Scroll Boutique.
 23368 | D:11     | Bought 2 scrolls of identify for 40 gold pieces
 23370 | D:11     | Bought a scroll of identify for 20 gold pieces
 23383 | D:11     | Noticed a boulder beetle
 23408 | D:11     | Killed a boulder beetle
 24359 | D:11     | Found a portal to a secret trove of treasure.
 24705 | Lair:1   | Entered Level 1 of the Lair of Beasts
 26470 | Lair:1   | Noticed a seven-headed hydra
 26471 | Lair:1   | Banished a seven-headed hydra
 27261 | Lair:1   | Noticed a six-headed hydra
 27330 | D:8      | Reached skill level 11 in Shields
 27575 | Lair:1   | Noticed Joseph
 27590 | Lair:1   | Killed Joseph
 28309 | Lair:1   | Banished a six-headed hydra
 28310 | Lair:1   | Reached skill level 10 in Fighting
 29559 | Lair:2   | Noticed a death yak
 29562 | Lair:2   | Noticed a death yak
 29840 | Lair:1   | Killed a death yak
 29874 | Lair:2   | Noticed a death yak
 29885 | Lair:1   | Killed a death yak
 29886 | Lair:1   | Gained mutation: You sometimes emit foul miasma when
                  | damaged in melee. [demonic ancestry]
 29886 | Lair:1   | Reached XP level 13. HP: 85/103 MP: 20/20
 30124 | Lair:2   | Noticed Gastronok
 30161 | Lair:2   | Banished Gastronok
 30756 | Lair:3   | Found a hole to the Spider Nest.
 31373 | Lair:3   | You fall into a shaft and drop 1 floor!
 31373 | Lair:4   | Found a staircase to the Swamp.
 31963 | Lair:3   | Reached skill level 12 in Shields
 33082 | Lair:3   | HP: 3/104 [swamp dragon/blast of poison (10)]
 33084 | Lair:3   | Succumbed to a swamp dragon's poison gas

Illustrated notes

Levels and vault maps discovered:
D:1:      dpeg_arrival_simpleton_c, layout_loops_ring, grunt_decor_junction,
          minmay_gold_behind_fungi
D:2:      layout_rooms, kennysheep_path_1, hangedman_decor_points
D:3:      layout_rooms, nicolae_overflow_hidden_temple,
          chequers_ecumenical_altar_lobes, minmay_bisected
D:4:      layout_loops_ring, minmay_temple_entry_crystal_x, serial_shops,
          nicolae_shop_overgrown_old_shop
D:5:      layout_loops_corners, uniq_prince_ribbit1
D:6:      cheibrodos_fzero, layout_cave_pools, serial_co_window_serial,
          co_window_of_opportunity_a, co_window_of_opportunity_a,
          co_window_paths_b, co_window_corner_a, co_window_corner_a,
          co_window_2corner, co_window_paths_c, co_window_corner_b,
          co_window_paths_c, co_window_2corner, glass_columns_a,
          glass_columns_a, glass_columns_a, glass_columns_c,
          kennysheep_generic_room_14, uniq_edmund
D:7:      cheibrodos_shockbox, layout_basic, minmay_mini_ossuary, uniq_pikel
D:8:      nzn_winding_woodlands_cross
          [nzn_winding_woodlands_5x15_river_crossing,
          nzn_winding_woodlands_5x15_jagged, nzn_winding_woodlands_5x15_pockets,
          nzn_winding_woodlands_5x15_pool,
          nzn_winding_woodlands_15x15_five_gardens], layout_basic,
          lair_entry_dummy
D:9:      layout_cave_pods, uniq_maurice, uniq_erolcha, uniq_psyche
D:10:     layout_basic, erik_orc_2, minivault_1, uniq_erica, uniq_snorg,
          uniq_urug
D:11:     layout_small_grid, serial_shops, nicolae_square_shop,
          nicolae_trove_entry_isolated
Lair:1:   layout_cave_pods, gauntlet_entry_generic, minivault_23,
          infiniplex_staircase_pool, uniq_joseph
Lair:2:   layout_regular_city, chequers_serial_rivers_micro_a,
          serial_bayou_ford_a, uniq_gastronok
Lair:3:   wad_woods_04, layout_chaotic_city, dummy_spider_entry,
          serial_bayou_crossing, lemuel_fruit_tree, serial_bayou_shore_b
Lair:4:   layout_hall_layers, minmay_swamp_entry_reptiles,
          grunt_forest_small_clearing_treed, minmay_lair_oklob_chamber,
          uniq_nergalle
Lair:5:   layout_cellular_growth, fungi_pond_lemuel,
          infiniplex_staircase_pool_2, lemuel_fruit_fields

Skill      XL: |  1  2  3  4  5  6  7  8  9 10 11 12 13 |
---------------+----------------------------------------+-----
Armour         | 2 3 4 5 6 7 8 9 |  9.6
Fighting       | 4 5 6 7 8 9 10 | 10.6
Short Blades   | 1 |  1.7
Stealth        | 1 |  1.0
Invocations    | 3 4 5 6 8 9 10 | 10.0
Shields        | 2 3 5 7 8 10 11 12 | 12.1
Unarmed Combat | 4 6 8 9 |  9.7
Long Blades    | |  1.7
Dodging        | |  0.8

Action                   |  1- 3 |  4- 6 |  7- 9 | 10-12 | 13-15 || total
-------------------------+-------+-------+-------+-------+-------++-------
Melee: Falchion          |    68 |       |       |       |       ||    68
       Headbutt          |    13 |    49 |    76 |   168 |    63 ||   369
       Dagger            |    62 |   241 |   428 |     3 |    14 ||   748
       Kick              |       |    33 |   145 |   198 |    89 ||   465
       Unarmed           |       |       |       |   802 |   190 ||   992
 Fire: Hand crossbow     |       |       |       |    51 |       ||    51
Throw: Dart              |       |    16 |    46 |    75 |     9 ||   146
Invok: Banish            |       |       |     1 |    15 |     5 ||    21
       Bend Space        |       |       |       |    17 |     3 ||    20
Evoke: Wand              |       |       |       |     1 |       ||     1
  Use: Scroll            |       |     6 |     6 |    14 |     9 ||    35
       Potion            |       |       |     2 |     4 |     3 ||     9
Armor: Leather armour    |     7 |       |       |       |       ||     7
       Ring mail         |    23 |    48 |    33 |       |       ||   104
       Chain mail        |       |       |    78 |   227 |       ||   305
       Plate armour      |       |       |       |    22 |    52 ||    74
Dodge: Dodged            |    50 |    68 |    79 |   128 |    41 ||   366
Block: Kite shield       |       |    28 |   177 |   532 |   123 ||   860
       Reflection        |       |       |       |    27 |       ||    27
       Rpst.: Falchion   |     9 |       |       |       |       ||     9

Table legend: (Time is in decaauts)
 A = Elapsed time spent in this place.
 B = Non-inter-level travel time spent in this place.
 C = Inter-level travel time spent in this place.
 D = Time resting spent in this place.
 E = Time spent auto-exploring this place.
 F = Levels seen in this place.
 G = Mean time per level.
                   A        B        C        D        E       F      G
               +--------+--------+--------+--------+--------+-----+--------+
         Total |  33078 |  31965 |   1113 |  13627 |  11268 |  17 | 1945.8 |
       Dungeon |  25995 |  24909 |   1086 |  10912 |   8493 |  11 | 2363.2 |
          Lair |   7079 |   7052 |     27 |   2715 |   2774 |   5 | 1415.8 |
         Abyss |      3 |      3 |      0 |      0 |      0 |   1 |    3.0 |
               +--------+--------+--------+--------+--------+-----+--------+

Top non-repeatable levels by time:
     D:8: 4417 daAuts
    D:10: 3733 daAuts
  Lair:1: 3515 daAuts
     D:5: 3144 daAuts
     D:9: 3110 daAuts
     D:7: 2887 daAuts
     D:6: 2537 daAuts
     D:4: 1948 daAuts
  Lair:3: 1814 daAuts
  Lair:2: 1438 daAuts
     D:3: 1386 daAuts
     D:2: 1121 daAuts
     D:1: 1061 daAuts
    D:11: 646 daAuts
  Lair:5: 162 daAuts
